 Dungeon Crawl Stone Soup version bcrawl-1.36 (webtiles) character file.

Game seed: 4080719529148349846

126620 MisterOstroum the Skirmisher (level 3, 0/31 HPs)
             Began as a Mummy Chaos Knight on Apr 16, 2022.
             Was a Plaything of Xom.
             Slain by a goblin
             ... wielding a +0 club
             ... led by Robin
              (2 damage)
             ... on level 2 of the Dungeon.
             The game lasted 00:01:39 (855 turns).

MisterOstroum the Skirmisher (Mummy Chaos Knight)    Turns: 855, Time: 00:01:40

Health: 0/31       AC:  5    Str: 16    XL:     3   Next: 14%
Magic:  3/3        EV: 11    Int: 11    God:    Xom [..*...]
Gold:   54         SH:  0    Dex: 11    Spells: 2/2 levels left

rFire    x . .     SeeInvis .   a - +0 spear (chaos)
rCold    + . .     Gourm    .   (no shield)
rNeg     + + +     Faith    .   b - +2 leather armour
rPois    ∞         Spirit   .   (no helmet)
rElec    .         Reflect  .   (no cloak)
rCorr    .         Clarity  +   (no gloves)
MR       .....                  (no boots)
Stlth    +.........             (no amulet)
HPRegen  0.10/turn              (no ring)
MPRegen  0.08/turn              (no ring)

@: no status effects
A: no food or potions, fire vulnerability, clarity, cold resistance 1, negative
energy resistance 3, torment resistance, unbreathing
a: Renounce Religion


You were on level 2 of the Dungeon.
You worshipped Xom.
You were a toy of Xom.
You were not hungry.

You visited 1 branch of the dungeon, and saw 2 of its levels.

You collected 54 gold pieces.

Inventory:

Hand Weapons
 a - a +0 spear of chaos (weapon)
Missiles
 g - 154 arrows
 h - 240 stones (quivered)
 j - 170 poisoned needles
 l - 217 sling bullets
Armour
 b - a +2 leather armour (worn)
 f - a +0 plate armour
Scrolls
 c - 4 scrolls of teleportation {@r3 !r}
 d - a scroll of magic mapping {unknown}
 e - a scroll of enchant armour {unknown}
 i - 4 scrolls of identify {@r1}
 k - a scroll of amnesia {unknown}
 m - a scroll of fog {unknown}


   Skills:
 + Level 4.3 Fighting
 - Level 2.4 Polearms
 - Level 1.5 Armour
 - Level 0.7 Dodging


You had 2 spell levels left.
You didn't know any spells.
Your spell library was empty.

Dungeon Overview and Level Annotations

Branches:
Dungeon (2/12)

Altars:

Annotations:
D:2 Robin


Innate Abilities, Weirdness & Mutations

You do not eat or drink.
Your flesh is vulnerable to fire.
You are immune to poison.
You possess an exceptional clarity of mind.
Your flesh is cold resistant. (rC+)
You are immune to negative energy. (rN+++)
You are immune to unholy pain and torment.
You can survive without breathing.


Message History

A goblin and Robin come into view.
Robin shouts!
The goblin shouts!
You hear a shout! x3
The goblin shoots a stone.
The stone barely misses you.
A hobgoblin comes into view. It is wielding a +0 club.
You hear a shout!
You see here a puce potion.
You hear a shout!
Robin roars a battlecry!
The goblins go into a battle-frenzy!
You barely miss the goblin. Robin throws the goblin at you!
A goblin comes into view.
You hit the goblin.
The goblin looks slightly unstable.
The goblin is heavily wounded.
The goblin barely misses you. x2
A goblin comes into view. It is wielding a +0 club.
The goblin closely misses you.
You see here a puce potion.
The goblin disappears!
The goblin shoots a stone.
The stone closely misses you.
You closely miss the goblin. The goblin hits you but does no damage.
You hit the goblin.
You kill the goblin!
Robin roars a battlecry!
The goblin goes into a battle-frenzy!
You hear a shout!
No target in view!
No target in view!
You closely miss the hobgoblin. You hit the hobgoblin.
The hobgoblin is almost dead.
A goblin comes into view.
The hobgoblin hits you with a +0 club. The goblin barely misses you.
You hit the hobgoblin but do no damage.
The hobgoblin is poisoned.
The hobgoblin is almost dead.
The hobgoblin hits you with a +0 club. The goblin hits you.
The hobgoblin no longer looks unusually strong.
The hobgoblin closely misses you.
You kill the hobgoblin!
You closely miss the goblin. The goblin hits you but does no damage.
Robin throws the goblin at you! The goblin misses you.
You closely miss the goblin. The goblin barely misses you.
You hit the goblin. Lightning courses through the goblin!
You kill the goblin!
A goblin comes into view. It is wielding a +0 club.
Robin roars a battlecry!
The goblin goes into a battle-frenzy!
You see here a goblin corpse.
Attack whom?
Press: ? - help, Dir - move target cursor, f - Robin
Aim: Robin, wielding a +0 mace, wearing a +0 animal skin and wearing a +1 helmet You reach to attack!
You hit Robin. You freeze Robin.
Robin is lightly wounded.
You hit Robin but do no damage.
Robin seems to speed up.
Robin is lightly wounded.
Robin roars a battlecry!
The goblins go into a battle-frenzy!
Robin hits you with a +0 mace.
You hit Robin but do no damage.
Robin is lightly wounded.
Robin closely misses you.
You hit Robin but do no damage.
Robin is lightly wounded.
Robin hits you with a +0 mace. Robin throws the goblin at you!
You barely miss the goblin. Robin hits you but does no damage.
The goblin unwields a +0 hunting sling.
The goblin wields a +0 dagger.
The goblin barely misses you.
You closely miss the goblin. Robin closely misses you.
The goblin hits you but does no damage.
You puncture the goblin!
You kill the goblin!
Robin says, "Kneel, worm!"
Robin hits you with a +0 mace. Robin hits you but does no damage.
Items here: ( )) ? a +0 dagger; a +0 hunting sling; 94 stones; a scroll labeled KIREOBR QIFUOL Xom's power almost touches on you for a moment.
You hear a crackling sound.
Robin throws the goblin at you!
You hit the goblin.
The goblin flickers and vanishes!
Deactivating autopickup; reactivate with Ctrl-A.
Robin closely misses you. Something hits you.
Something hits you but does no damage. Robin throws something at you!
The goblin no longer looks unusually strong.
Something hits you.
* * * LOW HITPOINT WARNING * * *
Robin roars a battlecry!
The goblin goes into a battle-frenzy!
Something hits you.
* * * LOW HITPOINT WARNING * * *
Robin barely misses you.
Robin says, "My army is invincible!"
Robin roars a battlecry!
Robin throws something at you!
* * * LOW HITPOINT WARNING * * *
Something hits you but does no damage. Something barely misses you.
Robin throws the goblin at you! The goblin hits you with a +0 club.
* * * LOW HITPOINT WARNING * * *
You barely miss the goblin. Robin throws something at you!
Something hits you but does no damage. The goblin hits you with a +0 club.
You die...

#..####.g............#
#...##.#...........##
###..g.#..g.......##
#....###....#)#####
#.#.#########.# #.
#.g.# #g# ## # ###.##
#.# ##g #..## #.#


..gggg ##.@# ##.# .# g ##g####).##g##.# #..!.#.##.....# ####.#.)gg.####
#[....##..# #.#..##..## #.#.....## ..#...### #......# You could see Robin and a
goblin.

Vanquished Creatures
  2 leopard geckos (D:1)
  2 ball pythons
  8 goblins
  4 hobgoblins
  3 bats
  7 kobolds
  A rat (D:1)
27 creatures vanquished.

Notes
Turn   | Place    | Note
-------+----------+-------------------------------------------
     0 | D:1      | MisterOstroum the Mummy Chaos Knight began the quest for
                  | the Orb.
     0 | D:1      | Reached XP level 1. HP: 18/18 MP: 1/1
   103 | D:1      | Reached XP level 2. HP: 20/24 MP: 2/2
   349 | D:1      | Reached skill level 4 in Fighting
   487 | D:1      | XOM: harmless Tmut miscast
   711 | D:1      | XOM: divination: magic mapping
   732 | D:2      | XOM: noise
   765 | D:2      | XOM: mild Pois miscast
   786 | D:2      | XOM: divination: detect creatures
   796 | D:2      | Reached XP level 3. HP: 30/30 MP: 3/3
   807 | D:2      | Noticed Robin
   840 | D:2      | XOM: harmless Ice miscast
   855 | D:2      | Slain by a goblin

Skill      XL: |  1  2 |
---------------+-------+-----
Fighting       | 4 |  4.3
Polearms       | |  2.4
Armour         | |  1.5
Dodging        | |  0.7

Action                   || total
-------------------------++-------
Melee: Spear             ||    84
 Stab: Confused          ||     1
Armor: Leather armour    ||    22
Dodge: Dodged            ||    45
